 Dungeon Crawl Stone Soup version 0.30-a0-930-gb9d0489357 (webtiles) character file.

Game seed: 16407094547638082272

211 DeathPants the Cutter (level 5, -15/28 HPs)
             Began as a Vine Stalker Monk on Mar 23, 2023.
             Demolished by an ogre
             ... wielding a +0 giant club
              (26 damage)
             ... on level 4 of the Dungeon.
             The game lasted 00:07:56 (2277 turns).

DeathPants the Cutter (Vine Stalker Monk)           Turns: 2277, Time: 00:07:56

Health: -15/28     AC:  8    Str: 13    XL:     5   Next: 88%
Magic:  0/6        EV: 13    Int: 10    God:
Gold:   89         SH:  0    Dex: 19    Spells: 4/4 levels left

rFire   . . .      SeeInvis .    a - +1 dagger
rCold   . . .      Faith    .    (no shield)
rNeg    + . .      Spirit   +    (no body armour)
rPois   +          Reflect  .    (no helmet)
rElec   .          Rampage  .    B - +2 cloak {Stlth+}
rCorr   .                        b - +1 pair of gloves
Will    .....                    g - +2 pair of boots
Stlth   ++++                     (no amulet)
HPRegen 1.04/turn                r - ring of poison resistance
MPRegen 0.10/turn                D - ring of positive energy

@: no status effects
A: fangs 2, regeneration 1, magic shield, antimagic bite, no potion heal 2
a: no special abilities


You were on level 4 of the Dungeon.
You visited 1 branch of the dungeon, and saw 6 of its levels.

You collected 133 gold pieces.
You spent 44 gold pieces at shops.

Inventory:

Hand Weapons
 a - a +1 dagger (weapon)
Missiles
 C - a poisoned dart (quivered)
Armour
 b - a +1 pair of gloves (worn)
 g - a +2 pair of boots (worn)
 B - a +2 cloak of stealth (worn)
Jewellery
 r - a ring of poison resistance (left hand)
 D - a ring of positive energy (right hand)
Wands
 x - a wand of iceblast (6)
Scrolls
 e - a scroll of vulnerability
 h - a scroll of blinking {unknown}
 i - a scroll of enchant weapon
 j - a scroll of immolation {unknown}
 k - a scroll of summoning
 l - a scroll of teleportation {unknown}
 p - a scroll of fog {unknown}
 q - a scroll of torment {unknown}
 t - a scroll of identify {unknown}
 u - a scroll of fear
 y - a scroll of enchant armour
Potions
 c - 2 potions of ambrosia
 d - 2 potions of attraction {unknown}
 f - 2 potions of haste {unknown}
 m - 2 potions of magic {unknown}
 n - 5 potions of curing {unknown}
 o - a potion of degeneration {unknown}
 s - 2 potions of heal wounds {unknown}
 v - 2 potions of might
 w - a potion of berserk rage {unknown}
 z - a potion of flight {unknown}
 A - 2 potions of lignification {unknown}


   Skills:
 + Level 3.5 Fighting
 * Level 4.2 Short Blades
 + Level 3.1 Dodging
 + Level 4.0 Stealth


You had 4 spell levels left.
You didn't know any spells.
Your spell library contained the following spells:

 Spells                   Type           Power      Damage    Failure   Level
 Summon Guardian Golem    Hex/Summ       0%         N/A       75%         3
 Orb of Destruction       Conj           0%         9d5       100%        7
 Spellforged Servitor     Conj/Summ      0%         N/A       100%        7


Dungeon Overview and Level Annotations

Branches:
Dungeon (6/15)
 Temple: D:4-7

Altars:

Shops:
D:1 [   D:3 !   D:5 *


Innate Abilities, Weirdness & Mutations

You have extremely sharp teeth.
Your natural rate of healing is unusually fast.
When hurt, damage is shared between your health and your magic reserves.
Your bite disrupts and absorbs the magic of your enemies.
Potions cannot restore your health.


Message History

You hit the black bear.
You kill the black bear!
The orc closely misses you.
Your Short Blades skill increases to level 4!
Your Stealth skill increases to level 4!
You hit the orc. You bite the orc. You drain its power.
You feel invigorated.
The orc is almost dead.
The orc hits you but does no damage.
You hit the orc.
You kill the orc!
You see here a +0 club.
HP restored.
An ogre is nearby!
You see here a giant cockroach corpse.
Aiming: Iceblast
Press: ? - help, Shift-Dir - straight line, f - ogre
Aim: an ogre, wielding a +0 giant club The mass of ice explodes!
The iceblast engulfs the ogre!
The ogre is heavily wounded.
Throw: 2 darts (poison)
Press: ? - help, Q - select action, (/) - cycle Shift-Dir - straight line, f/p - ogre
Aim: an ogre, wielding a +0 giant club (heavily wounded, 76% to hit)
You throw a poisoned dart. The poisoned dart hits the ogre.
The ogre is heavily wounded.
You hit the ogre.
The ogre is heavily wounded.
The ogre closely misses you.
You hit the ogre. You bite the ogre, but do no damage.
The ogre is heavily wounded.
You hit the ogre. You bite the ogre, but do no damage.
The ogre is severely wounded.
The ogre hits you with a +0 giant club!!
Ouch! That really hurt!
You hit the ogre. You bite the ogre. You drain its power.
You feel invigorated.
The ogre is almost dead.
You hit the ogre. You bite the ogre. You drain its power.
The ogre is almost dead.
The ogre hits you with a +0 giant club!!
Ouch! That really hurt!
You die...

####......#############.
.......................(
###.........###.......#
.^..................(.#
...#....#<#####).†...(#
.....#....# #......##
.....#....# #.(....#
..##.#....### #.O....#
..##........###.@....#
..####....#..........#
### #....#####......#
#.[.<# #.>....# #....#
#......# ###### #......#
########


You could see an ogre.

Vanquished Creatures
  A black bear (D:4)
  A howler monkey (D:4)
  An orc wizard (D:5)
  An adder (D:2)
  2 worms
  A dart slug (D:1)
  3 orcs
  3 ball pythons
  3 endoplasms
  3 giant cockroaches
  2 goblins
  4 hobgoblins
  4 kobolds
  A quokka (D:5)
  A bat (D:3)
  2 frilled lizards
  4 rats
37 creatures vanquished.

Notes
Turn   | Place    | Note
-------+----------+-------------------------------------------
     0 | D:1      | DeathPants the Vine Stalker Monk began the quest for the
                  | Orb.
     0 | D:1      | Reached XP level 1. HP: 11/11 MP: 2/2
    80 | D:1      | Found Unleva's Armour Shoppe.
   231 | D:1      | Reached XP level 2. HP: 16/16 MP: 3/3
   630 | D:2      | Reached XP level 3. HP: 19/19 MP: 4/4
   679 | D:3      | Found a faded altar of an unknown god.
   987 | D:2      | Identified the +1 robe of Julefeop {-Cast Rampage Dex+7}
  1564 | D:3      | You fall into a shaft and drop 2 floors!
  1564 | D:5      | Entered Level 5 of the Dungeon
  1574 | D:5      | Found Zoepo's CLEARANCE SALE!.
  1677 | D:5      | Gained mutation: Your natural rate of healing is unusually
                  | fast. [Vine Stalker growth]
  1677 | D:5      | Reached XP level 4. HP: 23/24 MP: 5/5
  1766 | D:4      | Noticed an ogre
  1792 | D:3      | Found Xeomozxo's Distillery.
  1801 | D:3      | Bought a potion of might for 44 gold pieces
  2224 | D:4      | Noticed a black bear
  2229 | D:4      | Reached XP level 5. HP: 28/28 MP: 6/6
  2246 | D:4      | Killed a black bear
  2277 | D:4      | Demolished by an ogre

Illustrated notes

Levels and vault maps discovered:
D:1:      spicycebolla_arrival_risky_transporter, layout_rooms, serial_shops,
          nicolae_square_shop
D:2:      layout_loops_cross, corner_web_ring
D:3:      layout_basic, ebering_ecumenical_altar_rust, serial_shops, shop
D:4:      minmay_diamond_boxcup, layout_rooms
D:5:      layout_basic, serial_shops,
          nicolae_shop_temple_entry_statues_fountains, grunt_decor_mini_mirrors,
          nicolae_shop_clearance, uniq_eustachio
D:6:      layout_cave_pods, minmay_temple_entry_junction, serial_shops, shop,
          grunt_decor_junction, nicolae_shop_vocational

Skill      XL: |  1  2  3  4  5 |
---------------+----------------+-----
Short Blades   | 3 4 |  4.2
Fighting       | 3 |  3.5
Stealth        | 3 4 |  4.0
Dodging        | 3 |  3.1

Action                     |  1- 3 |  4- 6 || total
---------------------------+-------+-------++-------
  Melee: Short sword       |    51 |       ||    51
         Bite              |    22 |    16 ||    38
         Dagger            |    53 |    35 ||    88
  Throw: Dart              |       |     4 ||     4
  Evoke: Wand              |       |     1 ||     1
    Use: Scroll            |     2 |     3 ||     5
   Stab: Sleeping          |     9 |     2 ||    11
 Armour: Robe              |    14 |       ||    14
         Leather armour    |     6 |       ||     6
         Skin              |     2 |    16 ||    18
  Dodge: Dodged            |    49 |    40 ||    89

Table legend: (Time is in decaauts)
 A = Elapsed time spent in this place.
 B = Non-inter-level travel time spent in this place.
 C = Inter-level travel time spent in this place.
 D = Time resting spent in this place.
 E = Time spent auto-exploring this place.
 F = Levels seen in this place.
 G = Mean time per level.
                   A        B        C        D        E       F      G
               +--------+--------+--------+--------+--------+-----+--------+
         Total |   2256 |   2142 |    114 |     13 |   1392 |   6 |  376.0 |
       Dungeon |   2256 |   2142 |    114 |     13 |   1392 |   6 |  376.0 |
               +--------+--------+--------+--------+--------+-----+--------+

Top non-repeatable levels by time:
     D:3: 801 daAuts
     D:2: 676 daAuts
     D:1: 550 daAuts
     D:5: 114 daAuts
     D:4: 112 daAuts
     D:6: 1 daAuts
